 Dungeon Crawl Stone Soup version 0.18.1-50-g88ac8fd (webtiles) character file.

20594 Gargoyl the Protected (level 12, -3/93 HPs)
             Began as a Demonspawn Abyssal Knight on Oct 18, 2016.
             Was the Champion of Lugonu.
             Killed from afar by a red draconian (25 damage)
             ... with a searing blast
             ... in a volcano.
             The game lasted 00:26:08 (14474 turns).

Gargoyl the Protected (Demonspawn Abyssal Knight)  Turns: 14474, Time: 00:26:09

Health: -3/93      AC: 21    Str: 16    XL:     12   Next: 46%
Magic:  20/20      EV: 13    Int: 15    God:    Lugonu [******]
Gold:   583        SH:  0    Dex: 22    Spells: 0 memorised, 11 levels left

rFire  . . .     SeeInvis .     k - +2 hand axe (elec)
rCold  . . .     Gourm    .     u - +0 plate armour
rNeg   . . .     Faith    .     H - +1 buckler
rPois  +         Spirit   .     z - +1 helmet
rElec  .         Dismiss  .     h - +2 cloak
rCorr  .         Reflect  .     (no gloves)
SustAt .         Harm     .     (no boots)
MR     .....                    (no amulet)
Stlth  ..........               (no ring)
                                i - ring of poison resistance

@: confused, agile, not resistant to hostile enchantments, extremely unstealthy
A: claws 1, thin skeletal structure 2, powered by pain 2, spiny 2
a: Depart the Abyss, Bend Space, Banish, Corrupt, Enter the Abyss, Brand Weapon
With Distortion, Renounce Religion


You were in a volcano.
You worshipped Lugonu.
Lugonu was exalted by your worship.
You were hungry.

You visited 2 branches of the dungeon, and saw 13 of its levels.
You visited the Abyss 1 time.
You also visited: Labyrinth, Sewer and Volcano.

You collected 583 gold pieces.

Inventory:

Hand Weapons
 a - a +1 hand axe
 k - a +2 hand axe of electrocution (weapon)
 X - a +0 war axe
Missiles
 t - 6 javelins of penetration (quivered)
 T - 6 tomahawks
Armour
 h - a +2 cloak (worn)
 u - a +0 plate armour (worn)
 z - a +1 helmet (worn)
 H - a +1 buckler (worn)
Jewellery
 i - a ring of poison resistance (left claw)
Wands
 m - a wand of flame (48/48)
 o - a wand of iceblast (8/15)
 q - a wand of flame (28/48)
 s - a wand of confusion (9/48)
 A - a wand of acid (15/15)
 C - a wand of disintegration (11/24)
 G - a wand of disintegration (15/24)
 I - a wand of confusion (37/48)
 K - a wand of flame (17/48)
 N - a wand of lightning (14/15)
 P - a wand of slowing (4/48)
 Q - a wand of acid (9/15)
 R - a wand of digging (13/24)
Scrolls
 e - 11 scrolls of remove curse
 f - 2 scrolls of teleportation
 p - 2 scrolls of recharging
 y - 6 scrolls of identify
 B - 3 scrolls of amnesia
 Y - a scroll of fog
Potions
 b - a potion of agility
 d - 5 potions of flight
 D - a potion of brilliance
 M - 2 potions of curing
Books
 l - a book of Minor Magic

   Spells                             Type                      Level
   a - Magic Dart                     Conjuration                  1
   b - Blink                          Translocation                2
   c - Call Imp                       Summoning                    2
   d - Repel Missiles                 Charms/Air                   2
   e - Slow                           Hexes                        2
   f - Conjure Flame                  Conjuration/Fire             3
   g - Mephitic Cloud                 Conjuration/Poison/Air       3
 x - a book of Changes

   Spells                             Type                      Level
   a - Beastly Appendage              Transmutation                1
   b - Sticks to Snakes               Transmutation                2
   c - Spider Form                    Transmutation/Poison         3
   d - Ice Form                       Ice/Transmutation            4
   e - Blade Hands                    Transmutation                5
 J - the Incunabulum of Unholy Intoxication
   (You found it in a labyrinth)

   Spells                             Type                      Level
   a - Sting                          Conjuration/Poison           1
   b - Animate Skeleton               Necromancy                   1
   c - Pain                           Necromancy                   1
   d - Spider Form                    Transmutation/Poison         3
   e - Simulacrum                     Ice/Necromancy               6
 L - Pes Tus's Papyrus of Bewitching Conjuration
   (You found it in a labyrinth)

   Spells                             Type                      Level
   a - Flame Tongue                   Conjuration/Fire             1
   b - Throw Flame                    Conjuration/Fire             2
   c - Confusing Touch                Hexes                        2
   d - Conjure Flame                  Conjuration/Fire             3
   e - Inner Flame                    Hexes/Fire                   3
   f - Sticky Flame                   Conjuration/Fire             4
 U - a book of Summonings

   Spells                             Type                      Level
   a - Recall                         Summoning/Translocation      3
   b - Aura of Abjuration             Summoning                    5
   c - Summon Demon                   Summoning                    5
   d - Summon Forest                  Summoning/Translocation      5
   e - Summon Mana Viper              Hexes/Summoning              5
   f - Shadow Creatures               Summoning                    6
 V - a book of Spatial Translocations

   Spells                             Type                      Level
   a - Apportation                    Translocation                1
   b - Blink                          Translocation                2
   c - Shroud of Golubria             Charms/Translocation         2
   d - Portal Projectile              Translocation                3
   e - Teleport Other                 Translocation                3
   f - Passage of Golubria            Translocation                4
Miscellaneous
 F - an ornate deck of summoning {the Pentagram}
Comestibles
 c - 10 bread rations
 g - 4 beef jerkies
 v - 5 fruits
 w - 3 meat rations
 E - 3 slices of pizza
 O - a royal jelly


   Skills:
 + Level 8.2 Fighting
 + Level 7.7 Axes
 + Level 1.9 Throwing
 * Level 12.4 Armour
 + Level 4.6 Dodging
 + Level 4.1 Shields
 * Level 11.4 Invocations


You had 11 spell levels left.
You didn't know any spells.

Dungeon Overview and Level Annotations

Branches:
Dungeon (8/15)             Temple (0/1) D:6            Lair (5/8) D:8
 Spider (0/4) Lair:4
  Swamp: Lair:3-6    Shoals: Lair:3-6

Altars:
Elyvilon
Kikubaaqudgha
Okawaru
Ru
Sif Muna
Vehumet
Xom
Yredelemnul
Zin

Shops:
D:8 %

Annotations:
Lair:1 exclusion: oklob plant
Abyss:1 Pikel


Innate Abilities, Weirdness & Mutations

You have sharp fingernails.
You have a moderately thin skeletal structure (Dex +4, Stealth+).
You sometimes gain power by taking damage.
You are mostly covered in sharp spines.


Message History

The searing blast hits you!
* * * LOW HITPOINT WARNING * * *
You hit the red draconian.
There is a sudden explosion of sparks!
The red draconian is almost dead.
The red draconian is struck by your spines.
The red draconian hits you with a broad axe of flaming.
* * * LOW HITPOINT WARNING * * *
The red draconian burns you.
* * * LOW HITPOINT WARNING * * *
You hit the red draconian.
The red draconian is almost dead.
The red draconian hits you but does no damage.
You hit the red draconian but do no damage.
The red draconian is almost dead.
Drink which item? (? for menu, Esc to quit)
You are confused.
You feel invigorated.
The red draconian breathes flames at you.
The searing blast hits you!
You die... ≈≈≈≈≈ §≈≈ §≈≈≈≈ §§§≈ ≈§≈ ####### +.....+ .8_8. cco

#d# §≈§ §≈. #@# §≈§§≈≈.# #.#
§≈§§§§§.# #.# ≈§§§§≈§.# #.#
≈§≈≈≈≈≈.# #.# ≈≈ §§≈§≈§..# #.# ≈≈
§§≈≈≈§§.########'####### ≈≈≈≈≈
§§≈§≈§≈≈§....§..§§.......§≈§§≈≈≈≈
≈§≈§§≈≈.§≈≈≈§§≈≈≈≈§≈≈.§≈≈§≈§≈≈≈≈≈


You could see a red draconian, an orc warrior and 2 centaurs.

Vanquished Creatures
  A minotaur (Lab)
  Erolcha (D:8)
  A catoblepas (Lair:4)
  A death yak (Lair:5)
  5 elephants (Lair:3)
  2 black mambas (Lair:4)
  7 spiny frogs
  7 komodo dragons
  A two-headed ogre (D:8)
  4 blink frogs (Lair:3)
  A polar bear (Lair:5)
  16 yaks
  A wasp (D:7)
  A wyvern (Lair:4)
  A basilisk (Lair:4)
  4 hippogriffs
  Duvessa (D:7)
  11 water moccasins
  An ice beast (D:6)
  3 porcupines
  A sky beast (D:6)
  A black bear (D:8)
  2 phantoms
  An ogre (D:7)
  4 wolves (Lair:2)
  4 crocodiles
  2 centaurs
  A big kobold (Sewer)
  9 giant frogs
  A water moccasin zombie (D:8)
  Dowan (D:7)
  6 scorpions
  5 wights (D:6)
  2 vampire bats (D:2)
  3 howler monkeys
  2 crimson imps
  A lava snake (Volcano)
  A jelly (D:5)
  6 orc priests
  3 giant frog skeletons
  5 orc wizards
  4 iguanas
  5 hell rats (Lair:3)
  11 worker ants
  13 sheep
  A hound zombie (D:6)
  A hound skeleton (D:7)
  A worker ant zombie (D:8)
  7 gnolls
  6 adders
  55 river rats
  2 shadow imps
  3 oozes
  An adder skeleton (D:5)
  2 worms
  2 dart slugs
  21 orcs
  2 bats (D:2)
  A bat skeleton (D:2)
  4 bat zombies (D:2)
  8 giant cockroaches
  6 goblins
  11 hobgoblins
  16 jackals
  4 quokkas
  A ball python (D:1)
  A giant gecko skeleton (D:5)
  A giant gecko zombie (D:8)
  6 giant newts
  A jackal skeleton (D:5)
  9 kobolds
  2 quokka skeletons
  12 rats
  2 fungi
  A plant (Lair:4)
354 creatures vanquished.

Vanquished Creatures (others)
  2 komodo dragons (Lair:3)
  An orc warrior (D:7)
  A slave (D:7)
  A hound (D:7)
  An orc priest (D:7)
  A giant frog skeleton (D:7)
  A jelly (D:7)
  An orc wizard (D:7)
  An iguana (D:7)
  2 jackals (D:7)
  A fungus (Lair:5)
  A plant (Lair:3)
14 creatures vanquished.

Grand Total: 368 creatures vanquished

Notes
Turn   | Place    | Note
--------------------------------------------------------------
     0 | Abyss:1  | Gargoyl the Demonspawn Abyssal Knight began the quest for the Orb.
     0 | Abyss:1  | Reached XP level 1. HP: 18/18 MP: 2/2
    36 | Abyss:1  | Found a corrupted altar of Lugonu.
   137 | Abyss:2  | Noticed an ancient zyme
   183 | Abyss:2  | Noticed an ice devil
   191 | D:1      | Escaped the Abyss
   312 | D:1      | Noticed a spriggan
   314 | D:1      | Noticed a draconian
   317 | D:1      | Noticed a halfling
   317 | D:1      | Noticed a felid
   319 | D:1      | Noticed an ogre
   321 | D:1      | Noticed a ghoul
   321 | D:1      | Noticed a troll
   323 | D:1      | Noticed an octopode
   325 | D:1      | Noticed a minotaur
   325 | D:1      | Noticed a formicid
   327 | D:1      | Noticed a vine stalker
   327 | D:1      | Noticed a demigod
   329 | D:1      | Noticed a demonspawn
   329 | D:1      | Noticed a merfolk
   331 | D:1      | Noticed a naga
   331 | D:1      | Noticed a tengu
   333 | D:1      | Noticed an elf
   333 | D:1      | Noticed a vampire
   335 | D:1      | Noticed a human
   335 | D:1      | Noticed a gargoyle
   337 | D:1      | Noticed a dwarf
   337 | D:1      | Noticed a centaur
   467 | D:1      | Reached skill level 2 in Armour
   539 | D:1      | Reached skill level 1 in Dodging
   539 | D:1      | Gained mutation: You have a somewhat thin skeletal structure (Dex +2, Stealth). [demonic ancestry]
   539 | D:1      | Reached XP level 2. HP: 21/24 MP: 3/3
   541 | D:1      | Reached * piety under Lugonu
  1003 | D:1      | You fall through a shaft!
  1003 | D:2      | Found an ancient bone altar of Kikubaaqudgha.
  1003 | D:2      | Noticed a vampire bat
  1015 | D:2      | Noticed a vampire bat
  1019 | D:2      | Killed a vampire bat
  1019 | D:2      | Reached XP level 3. HP: 25/29 MP: 5/5
  1026 | D:2      | Reached skill level 3 in Armour
  1026 | D:2      | Reached XP level 4. HP: 30/35 MP: 6/6
  1274 | D:2      | Found a sacrificial altar of Ru.
  1326 | D:2      | Reached ** piety under Lugonu
  1605 | D:2      | Gained mutation: You have sharp fingernails. [demonic ancestry]
  1605 | D:2      | Reached XP level 5. HP: 40/42 MP: 7/7
  2440 | D:4      | Found a glowing drain.
  2449 | Sewer    | Entered a sewer
  2565 | Sewer    | Found a glowing silver altar of Zin.
  2618 | D:4      | Reached *** piety under Lugonu
  2632 | D:4      | Gained mutation: You are partially covered in sharp spines. [demonic ancestry]
  2632 | D:4      | Reached XP level 6. HP: 22/48 MP: 9/9
  2766 | D:4      | Found an iron altar of Okawaru.
  2999 | D:4      | Reached skill level 4 in Armour
  3290 | D:4      | Noticed an angel
  3291 | D:4      | Reached XP level 7. HP: 53/53 MP: 10/10
  3292 | D:4      | Found a shimmering altar of Xom.
  3292 | D:4      | Found a glowing silver altar of Zin.
  3510 | D:4      | Found a deep blue altar of Sif Muna.
  3648 | D:5      | Entered Level 5 of the Dungeon
  3652 | D:5      | Reached skill level 5 in Invocations
  3660 | D:5      | Reached skill level 5 in Armour
  3772 | D:5      | Reached **** piety under Lugonu
  4303 | D:6      | Gained mutation: You have a moderately thin skeletal structure (Dex +4, Stealth+). [demonic ancestry]
  4303 | D:6      | Reached XP level 8. HP: 46/60 MP: 12/12
  4418 | D:6      | Reached skill level 6 in Armour
  4833 | D:6      | Found a radiant altar of Vehumet.
  4954 | D:6      | Found a staircase to the Ecumenical Temple.
  5051 | D:6      | Reached skill level 7 in Armour
  5413 | D:7      | Reached skill level 5 in Fighting
  5417 | D:7      | Noticed Pikel
  5437 | D:7      | Banished Pikel
  5437 | D:7      | Gained mutation: You are mostly covered in sharp spines. [demonic ancestry]
  5437 | D:7      | Reached XP level 9. HP: 50/68 MP: 12/14
  5679 | D:7      | Found a white marble altar of Elyvilon.
  5963 | D:7      | Reached skill level 8 in Armour
  6063 | D:7      | Noticed Duvessa
  6063 | D:7      | Noticed Dowan
  6072 | D:7      | Killed Duvessa
  6077 | D:7      | Killed Dowan
  6518 | D:8      | Noticed Erolcha
  6535 | D:8      | Killed Erolcha
  6535 | D:8      | Reached skill level 5 in Axes
  6535 | D:8      | Reached skill level 9 in Armour
  6704 | D:8      | Reached ***** piety under Lugonu
  6704 | D:8      | Gained mutation: You sometimes gain a little power by taking damage. [demonic ancestry]
  6704 | D:8      | Reached XP level 10. HP: 74/76 MP: 16/16
  6768 | D:8      | Found Coikes's Food Shop.
  6896 | D:8      | Found a basalt altar of Yredelemnul.
  6959 | D:8      | Found a staircase to the Lair.
  6963 | Lair:1   | Entered Level 1 of the Lair of Beasts
  6973 | Lair:1   | Reached skill level 1 in Throwing
  6983 | Lair:1   | Noticed a spiny frog
  6990 | Lair:1   | Killed a spiny frog
  7129 | Lair:1   | Found a labyrinth entrance.
  7144 | Lab      | Entered a labyrinth
  7654 | Lab      | Noticed a minotaur
  7662 | Lab      | Killed a minotaur
  7662 | Lab      | Reached skill level 1 in Shields
  7678 | Lab      | Identified the Incunabulum of Unholy Intoxication
  7678 | Lab      | Identified Pes Tus's Papyrus of Bewitching Conjuration
  8104 | Lair:1   | Noticed a spiny frog
  8114 | Lair:1   | Killed a spiny frog
  8262 | Lair:1   | Reached skill level 10 in Armour
  8766 | Lair:1   | Noticed an oklob plant
  8845 | Lair:2   | Noticed a spiny frog
  8852 | Lair:2   | Killed a spiny frog
  9122 | Lair:2   | Gained mutation: You sometimes gain power by taking damage. [demonic ancestry]
  9122 | Lair:2   | Reached XP level 11. HP: 82/83 MP: 18/18
 10474 | Lair:3   | Reached ****** piety under Lugonu
 10822 | Lair:3   | Reached skill level 10 in Invocations
 10980 | Lair:3   | Reached skill level 11 in Armour
 12448 | Lair:4   | Reached XP level 12. HP: 92/92 MP: 20/20
 12510 | Lair:4   | Noticed a catoblepas
 12520 | Lair:4   | Killed a catoblepas
 12782 | Lair:4   | Reached skill level 12 in Armour
 12818 | Lair:4   | Found a hole to the Spider Nest.
 13423 | Lair:5   | Noticed a six-headed hydra
 13426 | Lair:5   | Banished a six-headed hydra
 13431 | Lair:5   | Noticed a death yak
 13455 | Lair:5   | Killed a death yak
 13943 | Lair:5   | Found a dark tunnel.
 13950 | Volcano  | Entered a volcano
 14446 | Volcano  | Found a burning altar of Makhleb.
 14446 | Volcano  | Noticed a red draconian
 14474 | Volcano  | Killed from afar by a red draconian

Skill      XL: |  1  2  3  4  5  6  7  8  9 10 11 12 |
---------------+-------------------------------------+-----
Armour         | 2 3 4 5 7 9 10 11 12 | 12.4
Dodging        | 1 2 3 4 |  4.6
Axes           | 2 3 4 5 6 7 |  7.7
Invocations    | 3 4 5 6 8 9 10 11 | 11.4
Fighting       | 4 5 6 7 8 |  8.2
Throwing       | 1 |  1.9
Shields        | 2 3 4 |  4.1

Action                   |  1- 3 |  4- 6 |  7- 9 | 10-12 || total
-------------------------+-------+-------+-------+-------++-------
Melee: Hand axe          |    62 |   219 |   275 |   479 ||  1035
Throw: Javelin           |       |       |     9 |     3 ||    12
Invok: Depart the Abyss  |     1 |       |       |       ||     1
       Banish            |       |       |     1 |     6 ||     7
  Use: Scroll            |     4 |     1 |    13 |    10 ||    28
       Potion            |       |       |    12 |     8 ||    20
 Stab: Invisible         |       |       |     1 |       ||     1
  Eat: Chunk             |       |     8 |    11 |    20 ||    39
       Pizza             |       |       |     1 |       ||     1
       Fruit             |       |       |       |     7 ||     7
Armor: Ring mail         |    52 |    68 |       |       ||   120
       Chain mail        |       |    75 |   157 |       ||   232
       Plate armour      |       |       |     3 |   284 ||   287
Dodge: Dodged            |    60 |   124 |   100 |   160 ||   444
Block: Buckler           |       |       |    20 |   134 ||   154
